 Dungeon Crawl Stone Soup version 0.24.1-8-ga250c9d538 (webtiles) character file.

Game seed: 15899829100624690862, levelgen mode: deterministic

10679 zujk the Grappler (level 11, -5/109 HPs)
             Began as a Troll Fighter on May 8, 2020.
             Was a Believer of Ru.
             Slain by an orc warrior
             ... wielding a +0 glaive
              (24 damage)
             ... in a bailey.
             The game lasted 00:13:14 (8004 turns).

zujk the Grappler (Troll Fighter)                   Turns: 8004, Time: 00:13:15

Health: -5/109     AC: 13    Str: 27    XL:     11   Next: 39%
Magic:  10/10      EV: 18    Int:  4    God:    Ru [**....]
Gold:   516        SH: 10    Dex:  9    Spells: 10/10 levels left

rFire    + . .     SeeInvis .     - Unarmed
rCold    + + .     Gourm    +   b - +0 shield
rNeg     . . .     Faith    .   F - +2 robe {rC+ rF+}
rPois    .         Spirit   .   p - +2 hat
rElec    .         Reflect  .   g - +2 cloak {MR+}
rCorr    .         Harm     .   (gloves unavailable)
MR       +....                  (boots unavailable)
Stlth    +.........             (no amulet)
HPRegen  0.68/turn              v - ring of protection from cold
MPRegen  0.12/turn              y - +6 ring of evasion

@: very slightly contaminated
A: large, unfitting armour, claws 3, clumsy 1, fast metabolism 3, gourmand,
regeneration 1, shaggy fur 1, tough skin 3, no fire magic, no translocations
magic, no transmutations magic, disrupted magic 1
a: Renounce Religion


You were in a bailey.
You worshipped Ru.
Ru was pleased with you.
You were not hungry.

You visited 2 branches of the dungeon, and saw 11 of its levels.
You also visited: Bailey.

You collected 516 gold pieces.

Inventory:

Hand Weapons
 E - a +0 scimitar of flaming
Missiles
 u - 2 silver boomerangs (quivered)
Armour
 b - a +0 shield (worn)
 g - a +2 cloak of magic resistance (worn)
 p - a +2 hat (worn)
 F - a +2 robe of resistance (worn)
Jewellery
 v - a ring of protection from cold (left claw)
 y - a +6 ring of evasion (right claw)
Wands
 a - a wand of flame (31)
 s - a wand of digging (5)
 t - a wand of acid (5)
 B - a wand of iceblast (18)
 D - a wand of random effects (27)
Scrolls
 f - 2 scrolls of remove curse
 k - 5 scrolls of teleportation
 n - 2 scrolls of enchant armour
 o - a scroll of fear {unknown}
 r - 2 scrolls of fog
 w - a scroll of immolation {unknown}
 A - a scroll of enchant weapon {unknown}
 H - a scroll of torment {unknown}
Potions
 c - 2 potions of might
 e - 3 potions of mutation
 h - a potion of haste
 j - 2 potions of lignification
 l - a potion of resistance
 m - a potion of invisibility {unknown}
 q - 2 potions of ambrosia {unknown}
 x - 3 potions of curing
 z - 2 potions of agility {unknown}
 C - 2 potions of flight
 G - a potion of cancellation {unknown}
Comestibles
 d - 11 rations


   Skills:
 + Level 7.2 Fighting
 + Level 7.3 Dodging
 + Level 7.2 Shields
 * Level 11.5 Unarmed Combat


You had 10 spell levels left.
You didn't know any spells.
Your spell library contained the following spells:

 Spells                   Type           Power        Failure   Level  Hunger
 Confusing Touch          Hex            #.....       71%         1    ##.....
 Corona                   Hex            #......      71%         1    ##.....
 Summon Small Mammal      Summ           #...         71%         1    ##.....
 Call Imp                 Summ           #.......     83%         2    ###....
 Ensorcelled Hibernation  Hex/Ice        #.....       83%         2    ###....
 Call Canine Familiar     Summ           #.......     96%         3    ####...
 Confuse                  Hex            #.......     96%         3    ####...
 Dazzling Spray           Conj/Hex       #.....       96%         3    ####...
 Summon Guardian Golem    Hex/Summ       #.......     96%         3    ####...
 Tukima's Dance           Hex            #.......     96%         3    ####...
 Summon Ice Beast         Ice/Summ       #.......     100%        4    #####..
 Summon Lightning Spire   Summ/Air       #.......     100%        4    #####..
 Metabolic Englaciation   Hex/Ice        #.........   100%        5    ######.
 Gell's Gravitas          Tloc           Unusable     N/A         3    N/A
 Petrify                  Tmut/Erth      Unusable     N/A         4    N/A
 Yara's Violent Unravell  Hex/Tmut       Unusable     N/A         5    N/A

Dungeon Overview and Level Annotations

Branches:
Dungeon (10/15)            Temple (1/1) D:4            Lair (0/6) D:8
 Bailey (1/1)
    Orc: D:9-12

Altars:
Ashenzari
Cheibriados
Dithmenos
Elyvilon
Fedhas
Gozag
Hepliaklqana
Kikubaaqudgha
Makhleb
Nemelex Xobeh
Qazlal
Ru
Sif Muna
Trog
Uskayaw
Vehumet
Wu Jian
Yredelemnul
The Shining One

Shops:
D:4 (

Annotations:
D:9 2 transporters


Innate Abilities, Weirdness & Mutations

You are too large for most types of armour.
You have claws for hands.
You are clumsy. (Dex -2)
Your metabolism is lightning-fast.
You like to eat raw meat.
Your natural rate of healing is unusually fast.
You are covered in fur. (AC +1)
You have extremely tough skin. (AC +3)
You cannot study or cast Fire magic.
You cannot study or cast Translocations magic.
You cannot study or cast Transmutations magic.
Your casting is slightly disrupted.


Message History

Evoke which item? (* to show all) (? for menu, Esc to quit)
Aiming: Random Effects
Press: ? - help, Shift-Dir - straight line, f/p - orc
Aim: an orc, wielding a +0 war axe (misshapen and mutated)
The orc suddenly stops moving!
There is an open door here.
Evoke which item? (* to show all) (? for menu, Esc to quit)
Aiming: Corrosive Bolt
Press: ? - help, Shift-Dir - straight line, f/p - orc
Aim: an orc, wielding a +0 war axe (paralysed, misshapen and mutated)
The bolt of acid hits the orc warrior!
The orc warrior is splashed with acid.
The orc warrior is heavily wounded.
The bolt of acid hits the orc!
The orc is splashed with acid.
The acid corrodes the orc!
You kill the orc!
The orc warrior misses you.
You claw the orc warrior!
The orc warrior is severely wounded.
The orc warrior hits you with a +0 glaive!!
You die...

############ ######
##.∩........## ##.....##
#............######.......#
#........))..#....#o).....+
#∩....).))...'@o)ooo).....+
#......).)...#....#o......+
#.......))...######.......#
##.∩..).....## ##.....##
############ ######


You could see 3 orc warriors and 3 orcs.

Vanquished Creatures
  Erolcha (D:9)
  Harold (D:8)
  Erica (D:8)
  Pikel (D:4)
  Joseph (D:9)
  Psyche (D:9)
  2 trolls (D:9)
  Grinder (D:4)
  2 hornets
  2 hippogriffs
  Sigmund (D:3)
  A human (D:8)
  A yak (D:8)
  3 hogs (D:8)
  Menkaure (D:6)
  A hungry ghost (D:7)
  A water moccasin (D:9)
  4 orc warriors
  4 sky beasts
  An ice beast (D:9)
  A phantom (D:7)
  4 ogres
  5 centaurs
  2 necrophages
  A big kobold (D:9)
  10 bullfrogs
  A wyvern zombie (D:9)
  5 scorpions
  3 wights (D:8)
  7 killer bees
  2 howler monkeys (D:8)
  7 crimson imps
  A centaur zombie (D:5)
  4 bullfrog zombies
  5 hounds
  2 bullfrog skeletons
  A gnoll shaman (D:5)
  2 centaur skeletons
  6 orc priests
  11 orc wizards
  9 worker ants
  2 killer bee zombies
  A hound zombie (D:6)
  A mummy (D:7)
  A worker ant zombie (D:7)
  13 gnolls
  A howler monkey skeleton (D:4)
  8 adders
  2 shadow imps
  An adder zombie (D:9)
  2 adder skeletons
  A worm (D:2)
  2 dart slugs
  3 leopard geckos
  62 orcs
  A ball python (D:3)
  3 bats
  7 giant cockroaches
  10 goblins
  10 hobgoblins
  9 jackals
  7 quokkas
  4 frilled lizards
  A giant cockroach zombie (D:5)
  2 hobgoblin zombies (D:7)
  A kobold (D:1)
  A kobold zombie (D:7)
  2 leopard gecko skeletons
  A leopard gecko zombie (D:7)
  An orc zombie (D:7)
  4 quokka skeletons
  6 rats
290 creatures vanquished.

Vanquished Creatures (others)
  2 slaves (D:4)
  An orc wizard (D:5)
  An orc priest (D:5)
  Robin (D:4)
  A gnoll (D:4)
  3 goblins (D:4)
  3 hobgoblins (D:4)
12 creatures vanquished.

Grand Total: 302 creatures vanquished

Notes
Turn   | Place    | Note
-------+----------+-------------------------------------------
     0 | D:1      | zujk the Troll Fighter began the quest for the Orb.
     0 | D:1      | Reached XP level 1. HP: 22/22 MP: 0/0
   291 | D:1      | Reached XP level 2. HP: 29/29 MP: 1/1
   909 | D:2      | Found a snail-covered altar of Cheibriados.
   951 | D:2      | Found a blossoming altar of Fedhas.
  1122 | D:2      | Reached XP level 3. HP: 36/36 MP: 2/2
  1613 | D:3      | Reached skill level 3 in Unarmed Combat
  1673 | D:3      | Reached XP level 4. HP: 40/44 MP: 3/3
  1784 | D:3      | Reached XP level 5. HP: 53/53 MP: 4/4
  1891 | D:3      | Noticed Sigmund
  1918 | D:3      | Killed Sigmund
  1918 | D:3      | Reached skill level 4 in Unarmed Combat
  1918 | D:3      | Reached XP level 6. HP: 38/61 MP: 5/5
  2471 | D:4      | Found a staircase to the Ecumenical Temple.
  2481 | D:4      | Noticed a slave
  2481 | D:4      | Noticed Pikel
  2488 | D:4      | Noticed a slave
  2488 | D:4      | Noticed a slave
  2488 | D:4      | Noticed a slave
  2510 | D:4      | Killed Pikel
  2510 | D:4      | Reached skill level 6 in Unarmed Combat
  2510 | D:4      | Reached XP level 7. HP: 23/70 MP: 6/6
  2652 | D:4      | Killed Robin
  2666 | D:4      | Noticed Grinder
  2694 | D:4      | Killed Grinder
  2694 | D:4      | Reached XP level 8. HP: 47/78 MP: 7/7
  3119 | D:4      | Found Mohyunoo's Antique Weapon Boutique.
  3290 | D:4      | Found a shattered altar of Ashenzari.
  3322 | D:5      | Entered Level 5 of the Dungeon
  3512 | Temple   | Entered the Ecumenical Temple
  3541 | Temple   | Became a worshipper of Ru the Awakened
  3745 | D:5      | Found a radiant altar of Vehumet.
  3789 | D:5      | Reached skill level 7 in Unarmed Combat
  4139 | D:5      | Reached skill level 5 in Dodging
  4257 | D:6      | Gained mutation: Your casting is slightly disrupted. [Ru
                  | sacrifice]
  4260 | D:6      | Reached skill level 5 in Shields
  4260 | D:6      | Reached XP level 9. HP: 79/87 MP: 8/8
  4271 | D:6      | Noticed Menkaure
  4278 | D:6      | Killed Menkaure
  4278 | D:6      | Reached skill level 5 in Fighting
  4287 | D:6      | Reached skill level 8 in Unarmed Combat
  5006 | D:7      | Reached skill level 9 in Unarmed Combat
  5072 | D:7      | Found a hide-covered altar of Uskayaw.
  5681 | D:7      | Reached XP level 10. HP: 98/98 MP: 9/9
  5831 | D:8      | Gained mutation: You are clumsy. (Dex -2) [Ru sacrifice]
  5981 | D:8      | Found a stormy altar of Qazlal.
  6115 | D:8      | Noticed Erica
  6117 | D:8      | Noticed Harold
  6393 | D:8      | Killed Erica
  6393 | D:8      | Reached skill level 10 in Unarmed Combat
  6401 | D:8      | Killed Harold
  6752 | D:8      | Found a staircase to the Lair.
  6819 | D:9      | Noticed Psyche
  6828 | D:9      | Killed Psyche
  6857 | D:9      | Reached XP level 11. HP: 107/107 MP: 10/10
  6910 | D:9      | Reached skill level 11 in Unarmed Combat
  6969 | D:9      | Found a stormy altar of Qazlal.
  7079 | D:9      | Found a bloodstained altar of Trog.
  7114 | D:9      | Noticed Erolcha
  7121 | D:9      | Killed Erolcha
  7184 | D:9      | Gained mutation: You cannot study or cast Fire magic. [Ru
                  | sacrifice]
  7184 | D:9      | Gained mutation: You cannot study or cast Transmutations
                  | magic. [Ru sacrifice]
  7184 | D:9      | Gained mutation: You cannot study or cast Translocations
                  | magic. [Ru sacrifice]
  7184 | D:9      | Reached * piety under Ru
  7184 | D:9      | Reached ** piety under Ru
  7223 | D:9      | Found a transporter.
  7238 | D:9      | Found a transporter.
  7238 | D:9      | Noticed a two-headed ogre
  7239 | D:9      | Noticed a fire dragon
  7356 | D:9      | Found a sparkling altar of Nemelex Xobeh.
  7358 | D:9      | Found an ornate altar of the Wu Jian Council.
  7659 | D:9      | Noticed Joseph
  7672 | D:9      | Killed Joseph
  7891 | D:10     | Entered Level 10 of the Dungeon
  7893 | D:10     | Found a flagged portal.
  7902 | Bailey   | Entered a bailey
  8004 | Bailey   | Slain by an orc warrior

Levels and vault maps discovered:
D:1:      dpeg_arrival_pits, layout_basic, minivault_4, hangedman_decor_growths,
          chequers_serial_rivers_room_a
D:2:      layout_basic, old_standard_altar, old_standard_altar
D:3:      layout_rooms, first_ration, serial_corexii_hall,
          chequers_hall_statues_y, chequers_hall_statues_y, uniq_sigmund
D:4:      layout_basic, nicolae_overflow_hidden_temple,
          minmay_temple_entry_junction, serial_shops, shop, hex_tiny,
          st_stairs_8, uniq_robin, uniq_grinder, uniq_pikel
D:5:      minmay_clustersquares, layout_cave_pools, fiery_altar_vehumet
D:6:      layout_basic, chequers_jeans, uniq_menkaure
D:7:      minmay_angry_zag, layout_basic, eat_drink_and_be_merry_uskayaw,
          minmay_mini_ossuary
D:8:      layout_basic, lair_entry_dummy, grunt_livestock, grunt_qazlal_clouds,
          uniq_harold, uniq_erica
D:9:      layout_gridville, gammafunk_temple_overflow_arena,
          overflow_temple_1_default, minmay_ruined_shrine, uniq_erolcha,
          uniq_psyche, uniq_joseph
D:10:     wander_river, layout_irregular_city, enter_bailey_3,
          minmay_liquid_box, uniq_snorg
Temple:   eino_narrow_crystal_temple
Bailey:   bailey_polearm_5, bailey

Skill      XL: |  1  2  3  4  5  6  7  8  9 10 11 |
---------------+----------------------------------+-----
Unarmed Combat | 3 4 6 7 9 10 11 | 11.5
Fighting       | 3 4 5 6 7 |  7.2
Dodging        | 3 4 5 6 7 |  7.3
Shields        | 3 4 5 6 7 |  7.2

Action                   |  1- 3 |  4- 6 |  7- 9 | 10-12 || total
-------------------------+-------+-------+-------+-------++-------
Melee: Unarmed           |   107 |   102 |   357 |   355 ||   921
Throw: Boomerang         |       |       |       |     2 ||     2
Invok: Sacrifice Essence |       |       |     1 |       ||     1
       Sacrifice Purity  |       |       |       |     1 ||     1
       Sacrifice Arcana  |       |       |       |     1 ||     1
Evoke: Wand              |       |       |       |     5 ||     5
  Use: Scroll            |       |     1 |     7 |     5 ||    13
       Potion            |       |       |       |     1 ||     1
 Stab: Sleeping          |       |       |     1 |       ||     1
       Distracted        |       |       |     2 |       ||     2
  Eat: Chunk             |    12 |     7 |    22 |    13 ||    54
       Ration            |       |       |     2 |     4 ||     6
Armor: Robe              |    38 |    36 |   111 |    73 ||   258
Dodge: Dodged            |    31 |    32 |   198 |   267 ||   528
Block: Shield            |    44 |    62 |   170 |   207 ||   483
